Description

"All-In" because it leaves no units at your base. Within 30 seconds of leaving your base, you have some units back home, and drop in their base.

You should be drop in their base with 36 Supply at 7:00

Build Order

Get SALT Encoding   

  14  0:18  Supply Depot  
  15  0:31  Refinery  
  16  0:47  Barracks  
  17  0:55  Action  SCVs to Refinery
  19  1:32  Command Center  
  21  1:35  Reaper  
  22  1:45  Supply Depot  
  23  2:00  Refinery  
  25  2:08  Reaper  
  25  2:18  Factory  
  26  2:23  Action  SCVs to Refinery
  27  2:38  Marine  
  27  2:45  Barracks  
  28  2:50  Orbital Command  
  30  3:00  Barracks Reactor  
  31  3:03  Widow Mine  
  31  3:07  Supply Depot  
  31  3:10  Orbital Command  
  31  3:16  Action  M.U.L.E.
  33  3:30  Widow Mine  
  35  3:34  Engineering Bay  
  36  3:36  Action  M.U.L.E.
  36  3:38  Marine x2  
  36  3:40  Barracks Tech Lab  
  38  3:43  Supply Depot  
  38  3:46  Stimpack  
  43  3:51  Refinery  
  43  3:55  Terran Infantry Weapons Level 1  
  43  3:57  Marine x2  
  45  3:59  Widow Mine  
  46  4:07  Supply Depot  
  47  4:10  Marauder  
  47  4:14  Action  SCVs to Refinery
  48  4:17  Starport Reactor, Barracks Reactor  
  51  4:23  Factory Tech Lab  
  51  4:26  Supply Depot  
  52  4:32  Marauder  
  56  4:41  Supply Depot  
  56  4:47  Refinery  
  58  4:51  Medivac  
  60  4:53  Action  SCVs to Refinery
  60  4:55  Marine x2  
  62  4:59  Marauder  
  64  5:02  Supply Depot  
  64  5:05  Action  SCVs to Refinery
  66  5:09  Siege Tank  
  68  5:11  Supply Depot  
  68  5:14  Marauder  
  70  5:17  Marine x2  
  72  5:19  Barracks  
  72  5:21  Medivac x2  
  74  5:23  Combat Shield  
  74  5:26  Supply Depot  
  74  5:29  Barracks  
  76  5:30  Action  Fully Saturated 2-Base
  76  5:33  Marine x2  
  78  5:35  Marauder  
  80  5:37  Siege Tank  
  82  5:39  Supply Depot  
  82  5:47  Terran Infantry Armor Level 1  
  82  5:50  Medivac x2  
  84  5:53  Marine x2  
  88  5:56  Supply Depot  
  88  5:59  Marauder  
  102  6:30  Action  Load up 5 Medivacs
  104  6:35  Action  Queue up the following
  106  6:40  Armory  
  108  6:43  Fusion Core  
  110  6:46  Starport Tech Lab  
  112  6:49  Barracks Reactor  
  114  6:52  Barracks Tech Lab  
  116  6:55  Terran Infantry Weapons Level 2, Terran Infantry Armor Level 2  
  120  7:00  Action  Drop on the enemy's 3rd, then Main
Spawning Tool Build Advisor. Get it on Overwolf

Go to:

Details

  • Created by: Papadiche  
  • Published on: Nov 23, 2019
  • Modified on: Nov 23, 2019
  • Patch: 4.7.1
Show
View Real Time Build Order
Export as new Build Order

Comments (0)

There are no comments. Be the first!

Create an account to comment!